 Dungeon Crawl Stone Soup version 0.28.0-53-g5a82cb258f (webtiles) character file.

Game seed: 9145969790984435300

404 Sin92 the Skirmisher (level 6, -7/48 HPs)
             Began as a Demonspawn Fighter on July 5, 2022.
             Mangled by an ogre
             ... wielding a +0 giant club
              (19 damage)
             ... on level 4 of the Dungeon.
             The game lasted 00:01:47 (3145 turns).

Sin92 the Skirmisher (Demonspawn Fighter)           Turns: 3145, Time: 00:01:48

Health: -7/48      AC: 11    Str: 18    XL:     6   Next: 56%
Magic:  6/6        EV:  5    Int: 11    God:
Gold:   79         SH:  5    Dex: 13    Spells: 5/5 levels left

rFire   . . .      SeeInvis .   a - +0 war axe
rCold   . . .      Faith    .   c - +0 buckler
rNeg    . . .      Spirit   .   m - +0 plate armour
rPois   .          Reflect  .   (helmet restricted)
rElec   .          Harm     .   (no cloak)
rCorr   .          Rampage  .   (no gloves)
Will    .....                   (no boots)
Stlth   ..........              (no amulet)
HPRegen 0.16/turn               (no ring)
MPRegen 0.10/turn               (no ring)

@: mighty
A: horns 1, big brain 1
a: no special abilities


You were on level 4 of the Dungeon.
You visited 1 branch of the dungeon, and saw 4 of its levels.

You collected 79 gold pieces.

Inventory:

Hand Weapons
 a - a +0 war axe (weapon)
Armour
 b - a +0 scale mail
 c - a +0 buckler (worn)
 m - a +0 plate armour (worn)
Wands
 n - a wand of iceblast (12)
Scrolls
 e - 3 scrolls of teleportation
Potions
 d - a potion of might
 f - 3 potions of brilliance
 h - a potion of degeneration {unknown}
 i - a potion of magic {unknown}
 j - 2 potions of mutation {unknown}
 k - a potion of invisibility {unknown}
 l - a potion of curing {unknown}


   Skills:
 + Level 4.2 Fighting
 * Level 4.2 Axes
 + Level 3.8 Armour
 + Level 3.8 Shields


You had 5 spell levels left.
You didn't know any spells.
Your spell library contained the following spells:

 Spells                   Type           Power      Damage    Failure   Level
 Beastly Appendage        Tmut           0%         N/A       100%        1
 Wereblood                Tmut           0%         N/A       100%        2
 Inner Flame              Hex/Fire       0%         N/A       100%        3
 Spider Form              Tmut/Pois      0%         N/A       100%        3
 Cause Fear               Hex            0%         N/A       100%        4
 Discord                  Hex            0%         N/A       100%        8


Dungeon Overview and Level Annotations

Branches:
Dungeon (4/15)
 Temple: D:4-7

Altars:
Qazlal
Sif Muna

Shops:
D:1 [


Innate Abilities, Weirdness & Mutations

You have a pair of small horns on your head.
You have an unusually large brain. (Int +2)


Message History

The orc hits you but does no damage.
Unknown command.
There are monsters nearby!
You hit the orc.
You kill the orc!
You hit the ogre but do no damage. The ogre hits you with a +0 giant club!
Unknown command.
There are monsters nearby!
There are monsters nearby!
You are too injured to fight recklessly!
Unknown command.
There are monsters nearby!
You are too injured to fight recklessly!
Unknown command.
Unknown command.
You are too injured to fight recklessly!
There are monsters nearby!
Unknown command.
There are monsters nearby!
You are too injured to fight recklessly!
Unknown command.
You are too injured to fight recklessly!
There are monsters nearby!
There are monsters nearby!
You are too injured to fight recklessly!
Unknown command.
You are too injured to fight recklessly!
Unknown command.
There are monsters nearby!
You are too injured to fight recklessly!
You feel very mighty all of a sudden.
The kobold brigand hits you but does no damage.
The ogre hits you with a +0 giant club!
* * * LOW HITPOINT WARNING * * *
You slice the ogre!!
The ogre is almost dead.
You closely miss the kobold brigand.
The kobold brigand hits you but does no damage.
The ogre hits you with a +0 giant club!!
You die...

#....≈≈≈≈≈≈≈≈
....P≈≈.≈.≈
....P.≈.≈≈≈≈
#..........PP.. #..
.........!. #.. .o.
......
...#K##.#...#..#
#.#@#..........
#.#.Og#.≈≈≈≈≈....
#>......≈≈≈☼≈....
#.####...§§≈≈......
# #..≈≈○≈§..#...
####..≈≈§≈≈..#.#
#..............#
#.....#.#......#
#.....#.#......#


You could see a kobold brigand, an ogre, an orc and a hobgoblin.

Vanquished Creatures
  Grinder (D:3)
  A jelly (D:3)
  An iguana (D:3)
  Terence (D:2)
  An orc wizard (D:3)
  2 adders
  An ufetubus (D:4)
  3 worms
  5 dart slugs
  3 orcs
  8 ball pythons
  5 endoplasms
  5 giant cockroaches
  8 goblins
  6 hobgoblins
  3 jackals (D:1)
  4 kobolds
  A quokka (D:1)
  3 bats
  5 frilled lizards
  5 rats
72 creatures vanquished.

Vanquished Creatures (others)
  A plant (D:1)
1 creature vanquished.

Grand Total: 73 creatures vanquished

Notes
Turn   | Place    | Note
-------+----------+-------------------------------------------
     0 | D:1      | Sin92 the Demonspawn Fighter began the quest for the Orb.
     0 | D:1      | Reached XP level 1. HP: 18/18 MP: 1/1
   120 | D:1      | Found a faded altar of an unknown god.
   256 | D:1      | Gained mutation: You have an unusually large brain. (Int
                  | +2) [demonic ancestry]
   256 | D:1      | Reached XP level 2. HP: 24/24 MP: 2/2
   399 | D:1      | Found Icso's Antique Armour Boutique.
   831 | D:1      | Gained mutation: You have a pair of small horns on your
                  | head. [demonic ancestry]
   831 | D:1      | Reached XP level 3. HP: 28/29 MP: 3/3
  1354 | D:2      | Found a stormy altar of Qazlal.
  1637 | D:2      | Noticed Terence
  1644 | D:2      | Killed Terence
  1645 | D:2      | Reached XP level 4. HP: 29/35 MP: 4/4
  2282 | D:3      | Reached XP level 5. HP: 42/42 MP: 5/5
  2538 | D:3      | Noticed Grinder
  2546 | D:3      | Paralysed by Grinder for 4 turns
  2560 | D:3      | Killed Grinder
  2561 | D:3      | Reached XP level 6. HP: 12/48 MP: 6/6
  3106 | D:4      | Found a shimmering blue altar of Sif Muna.
  3145 | D:4      | Mangled by an ogre

Illustrated notes

Levels and vault maps discovered:
D:1:      minmay_arrival_jagged, layout_basic, serial_shops,
          nicolae_lakefront_shop, hellmonk_ecumenical_altar_leap_of_faith,
          serial_bayou_crossing
D:2:      layout_basic, basic_altar, uniq_terence
D:3:      layout_basic, uniq_grinder
D:4:      layout_basic, kennysheep_mini, mainiacjoe_overflow_catwalk,
          nicolae_sif_muna_condensation, serial_bayou_pond_b, lightli_minifort

Skill      XL: |  1  2  3  4  5 |
---------------+----------------+-----
Axes           | 2 3 4 |  4.2
Armour         | 3 |  3.8
Shields        | 3 |  3.8
Fighting       | 4 |  4.2

Action                   |  1- 3 |  4- 6 || total
-------------------------+-------+-------++-------
Melee: War axe           |   107 |    93 ||   200
       Headbutt          |     7 |    13 ||    20
  Use: Scroll            |       |     3 ||     3
       Potion            |       |     1 ||     1
Armor: Scale mail        |    46 |       ||    46
       Plate armour      |    13 |    55 ||    68
Dodge: Dodged            |    35 |    23 ||    58
Block: Buckler           |    31 |    16 ||    47
